 Dungeon Crawl Stone Soup version 0.30.1-3-gfc49f6343a (webtiles) character file.

Game seed: 7210841471054593657

1302 Arctor the Sneak (level 8, -2/41 HPs)
             Began as a Gargoyle Fire Elementalist on July 24, 2023.
             Was a Follower of Vehumet.
             Slain by a gnoll
             ... wielding a +0 flail
             ... led by a gnoll bouda
              (6 damage)
             ... on level 5 of the Dungeon.
             The game lasted 00:08:25 (5871 turns).

Arctor the Sneak (Gargoyle Fire Elementalist)       Turns: 5871, Time: 00:08:26

Health: -2/41      AC:  9    Str: 12    XL:     8   Next: 57%
Magic:  3/14       EV: 12    Int: 18    God:    Vehumet [*.....]
Gold:   204        SH:  0    Dex: 10    Spells: 8/15 levels left

rFire   . . .        t - +2 short sword (venom)
rCold   . . .        (no shield)
rNeg    + . .        a - +1 robe
rPois   ∞            (no helmet)
rElec   +            m - +0 cloak
rCorr   .            (no gloves)
SInv    .            (no boots)
Will    .....        d - amulet of the acrobat
Stlth   +++          (no ring)
HPRegen 0.26/turn    (no ring)
MPRegen 0.14/turn

%: acrobat
@: weakened, flying
A: sickness immunity, AC +5, negative energy resistance 1, electricity
resistance, torment resistance 1, petrification resistance
a: Renounce Religion


You were on level 5 of the Dungeon.
You worshipped Vehumet.
Vehumet was aware of your devotion.
You visited 1 branch of the dungeon, and saw 5 of its levels.

You collected 204 gold pieces.

Inventory:

Hand Weapons
 s - a +0 dagger
 t - a +2 short sword of venom (weapon)
Missiles
 k - 3 boomerangs
Armour
 a - a +1 robe (worn)
 m - a +0 cloak (worn)
Jewellery
 d - an amulet of the acrobat (around neck)
Wands
 j - a wand of roots (8)
Scrolls
 f - 2 scrolls of silence
 h - 2 scrolls of enchant armour
 p - a scroll of vulnerability
 u - a scroll of magic mapping
 v - a scroll of poison
Potions
 b - a potion of magic
 c - 3 potions of degeneration
 e - a potion of curing
 g - 3 potions of berserk rage
 i - 3 potions of attraction
 l - a potion of flight
 n - a potion of brilliance {unknown}
 o - 4 potions of haste {unknown}
 q - a potion of resistance {unknown}
 z - a potion of heal wounds {unknown}


   Skills:
 + Level 4.0 Dodging
 + Level 5.8 Stealth
 + Level 4.4 Spellcasting
 + Level 4.9 Conjurations
 + Level 5.4 Fire Magic


You had 8 spell levels left.
You knew the following spells:

 Your Spells              Type           Power      Damage    Failure   Level
a - Foxfire               Conj/Fire      88%        2x1d8     1%          1
b - Scorch                Fire           46%        2d6       2%          2
c - Flame Wave            Conj/Fire      22%        2d8       17%         4

Your spell library contained the following spells:

 Spells                   Type           Power      Damage    Failure   Level
 Shock                    Conj/Air       48%        1d6       4%          1
 Sandblast                Erth           8%         2d5       14%         1
 Inner Flame              Hex/Fire       13%        N/A       14%         3
 Volatile Blastmotes      Fire/Tloc      26%        2d12      14%         3
 Stone Arrow              Conj/Erth      24%        3d8       16%         3
 Passwall                 Tmut/Erth      3%         N/A       22%         2


Dungeon Overview and Level Annotations

Branches:
Dungeon (5/15)
 Temple: D:4-7

Altars:
Ashenzari
Kikubaaqudgha
Trog
Vehumet
The Shining One

Shops:
D:1 !   D:4 =

Annotations:
D:5 1 runed translucent door, croobank's ghost, weakling FeDe


Innate Abilities, Weirdness & Mutations

You are immune to sickness and miasma.
Your stone body is resilient. (AC +5)
You are immune to poison.
You resist negative energy. (rN+)
You are resistant to electric shocks. (rElec)
You are resistant to unholy torment.
You are immune to petrification.


Message History

The gnoll bouda completely misses you. The gnoll hits you with a +0 flail.
The gnoll bouda closely misses you. The gnoll closely misses you.
The gnoll bouda attacks as you move away!
The gnoll bouda barely misses you.
You hit the gnoll bouda but do no damage.
The gnoll bouda is heavily wounded.
The gnoll bouda calls upon its god to heal the gnoll.
The gnoll is healed somewhat.
The gnoll closely misses you. The gnoll attacks as you move away!
The gnoll hits you with a +0 flail. The gnoll closely misses you.
You closely miss the gnoll bouda.
The gnoll bouda is heavily wounded.
The gnoll is no longer moving quickly.
The gnoll bouda calls upon its god to heal the gnoll.
The gnoll's wounds heal themselves!
The gnoll hits you but does no damage.
You closely miss the gnoll bouda.
The gnoll bouda is heavily wounded.
The gnoll bouda barks out a call to the hunt!
The gnoll picks up the pace!
The gnoll hits you from afar with a +0 spear.
You hit the gnoll bouda.
The gnoll bouda is poisoned.
The gnoll bouda is severely wounded.
The gnoll bouda gazes fiercely through you!
You feel your attacks grow feeble.
The gnoll bouda hits you with a +0 whip.
The gnoll misses you.
The gnoll bouda attacks as you move away!
The gnoll bouda hits you with a +0 whip.
* * * LOW HITPOINT WARNING * * *
The gnoll attacks as you move away! The gnoll hits you with a +0 flail.
* * * LOW HITPOINT WARNING * * *
The gnoll hits you with a +0 flail.
* * * LOW HITPOINT WARNING * * *
It was a potion of flight.
You feel very buoyant.
You fly up into the air.
The gnoll is no longer moving quickly.
The gnoll bouda barks out a call to the hunt!
The gnoll picks up the pace!
The gnoll barely misses you. The gnoll hits you with a +0 flail.
You die...

,,,,,,,,,,,*,,,,,*
,,,,,,,,,,,+,..,**
,,,,,,,,,,,*..,,*###
#,8,8,8,8,*#.,,,,..#
#*,*,,,*,##.,,*,,..###
###,,,,,*#.##**,,....##
#.##,,,###..##,,,.....#
...##+##.....####.....#
......#<.....##g@.....#**
###............g##..#...***
###.)#.......#g.#,,.#,,,,,*
#.<.##.##.......#,,,#,,,,,***
...##...#.[..#.##,,,**#,,,,,**
..####..##...#⌠.##+##.⌠*,,,,,*
...###.......#.........*,,,,,*
#...##.....####.......#****,,****
##........#...#.......#,,,,,,*,,*


You could see a gnoll bouda (very poisoned) and 2 gnolls.

Vanquished Creatures
  Pikel (D:3)
  Sigmund (D:4)
  2 ogres
  A phantom (D:5)
  A lemure (D:3)
  A hound (D:5)
  A jelly (D:4)
  A sleepcap (D:5)
  4 iguanas
  2 orc wizards (D:5)
  2 gnolls (D:5)
  5 adders
  2 ufetubi
  2 worms
  3 dart slugs
  8 orcs
  6 ball pythons
  8 endoplasms
  3 giant cockroaches
  6 goblins
  5 hobgoblins
  2 jackals (D:1)
  5 quokkas
  5 bats
  3 frilled lizards
  7 kobolds
  4 rats
91 creatures vanquished.

Vanquished Creatures (collateral kills)
  3 foxfires (D:5)
3 creatures vanquished.

Vanquished Creatures (others)
  280 foxfires
280 creatures vanquished.

Grand Total: 374 creatures vanquished

Notes
Turn   | Place    | Note
-------+----------+-------------------------------------------
     0 | D:1      | Arctor the Gargoyle Fire Elementalist began the quest for
                  | the Orb.
     0 | D:1      | Reached XP level 1. HP: 10/10 MP: 3/3
   336 | D:1      | Reached XP level 2. HP: 15/15 MP: 3/5
   929 | D:1      | Found Pigor's Distillery.
  1147 | D:2      | Reached XP level 3. HP: 19/19 MP: 2/6
  1194 | D:2      | Learned a level 2 spell: Scorch
  1996 | D:2      | Found a radiant altar of Vehumet.
  2018 | D:2      | Became a worshipper of Vehumet
  2060 | D:2      | Reached XP level 4. HP: 24/24 MP: 2/7
  2065 | D:2      | Learned a level 4 spell: Flame Wave
  2385 | D:3      | Found a glowing golden altar of the Shining One.
  2386 | D:3      | Found an ancient bone altar of Kikubaaqudgha.
  2449 | D:3      | Noticed a golden eye
  2471 | D:3      | Found a faded altar of an unknown god.
  2473 | D:3      | Noticed a floating eye
  2473 | D:3      | Noticed a great orb of eyes
  2473 | D:3      | Noticed a shining eye
  2865 | D:3      | Noticed an ogre
  2873 | D:3      | Killed an ogre
  2874 | D:3      | Reached XP level 5. HP: 28/28 MP: 0/9
  3584 | D:4      | Noticed Sigmund
  3587 | D:4      | Noticed a lemure
  3588 | D:4      | Noticed a lemure
  3640 | D:4      | Noticed a lemure
  3640 | D:4      | Noticed Pikel
  3879 | D:4      | Reached XP level 6. HP: 21/32 MP: 1/10
  3957 | D:4      | Reached * piety under Vehumet
  3957 | D:4      | Offered knowledge of Shock by Vehumet.
  4280 | D:3      | Killed Pikel
  4281 | D:3      | Reached XP level 7. HP: 12/36 MP: 1/12
  4387 | D:4      | Killed Sigmund
  4388 | D:4      | Reached skill level 5 in Stealth
  4388 | D:4      | Reached XP level 8. HP: 41/41 MP: 4/14
  4510 | D:4      | Found Fuyrph's Jewellery Boutique.
  4581 | D:4      | Reached skill level 5 in Fire Magic
  5005 | D:5      | Entered Level 5 of the Dungeon
  5009 | D:5      | Found a runed translucent door.
  5010 | D:5      | Noticed croobank's ghost (weakling FeDe)
  5061 | D:5      | Found a broken altar of Ashenzari.
  5822 | D:5      | Found a bloodstained altar of Trog.
  5871 | D:5      | Slain by a gnoll

Illustrated notes

Levels and vault maps discovered:
D:1:      erik_arrival_blinker_ship, layout_loops_ring, serial_shops,
          nicolae_lakefront_shop, hex_large
D:2:      layout_basic, basic_altar
D:3:      layout_loops_ring, mainiacjoe_overflow_divided_tiny,
          hellmonk_ecumenical_altar_watching_god
D:4:      layout_basic, serial_shops, nicolae_shop_waterfront, uniq_pikel,
          uniq_sigmund
D:5:      layout_cave_pools, grunt_temple_overflow_open,
          evilmike_ruin_ashenzari, hellmonk_ghost_happy_afterlife,
          dk_noncrumbling_3, chequers_big_river

Skill      XL: |  1  2  3  4  5  6  7  8 |
---------------+-------------------------+-----
Dodging        | 2 3 4 |  4.0
Conjurations   | 2 4 |  4.9
Stealth        | 3 4 5 |  5.8
Spellcasting   | 3 4 |  4.4
Fire Magic     | 4 5 |  5.4

Action                     |  1- 3 |  4- 6 |  7- 9 || total
---------------------------+-------+-------+-------++-------
  Melee: Unarmed           |     7 |     8 |       ||    15
         Short sword       |       |    21 |    52 ||    73
         Punch             |       |     2 |       ||     2
   Cast: Foxfire           |   102 |    43 |    24 ||   169
         Scorch            |       |    28 |    31 ||    59
         Flame Wave        |       |       |     1 ||     1
    Use: Scroll            |     1 |     6 |     4 ||    11
         Potion            |       |     1 |     1 ||     2
   Stab: Sleeping          |       |       |     1 ||     1
 Armour: Robe              |    10 |    17 |    26 ||    53
  Dodge: Dodged            |    30 |    31 |    81 ||   142
